 Dungeon Crawl Stone Soup version 0.20-a0-870-g4070442 (console) character file.

190 hittembot the Covered (level 5, -3/46 HPs)
             Began as a Minotaur Fighter on Mar 13, 2017.
             Slain by hittembot's ghost (8 damage)
             ... on level 3 of the Dungeon.
             The game lasted 00:01:12 (1895 turns).

hittembot the Covered (Minotaur Fighter)            Turns: 1895, Time: 00:01:13

Health: -3/46      AC:  7    Str: 21    XL:     5   Next: 41%
Magic:  4/4        EV:  8    Int:  5    God:
Gold:   84         SH:  9    Dex: 10    Spells: 4/4 levels left

rFire    . . .     SeeInvis .   a - +0 war axe
rCold    . . .     Gourm    .   b - +0 scale mail
rNeg     . . .     Faith    .   c - +0 shield
rPois    .         Spirit   .   (helmet restricted)
rElec    .         Reflect  .   (no cloak)
rCorr    .         Harm     .   (no gloves)
MR       .....                  (no boots)
Stlth    ..........             (no amulet)
Regen    0.2/turn               (no ring)
MPRegen  0.1/turn               (no ring)

@: no status effects
A: retaliatory headbutt, horns 2
a: no special abilities


You were on level 3 of the Dungeon.
You were not hungry.

You visited 1 branch of the dungeon, and saw 3 of its levels.

You collected 84 gold pieces.

Inventory:

Hand Weapons
 a - a +0 war axe (weapon)
Armour
 b - a +0 scale mail (worn)
 c - a +0 shield (worn)
Jewellery
 j - a +4 ring of dexterity {unknown}
 p - a cursed amulet of inaccuracy {unknown}
Scrolls
 e - a scroll of remove curse {unknown}
 k - a scroll of immolation {unknown}
 l - a scroll of amnesia {unknown}
Potions
 d - 2 potions of might
 g - a potion of magic {unknown}
 i - a potion of curing {unknown}
 m - a potion of agility {unknown}
 o - a potion of ambrosia {unknown}
 q - a potion of invisibility {unknown}
Books
 n - a book of Cantrips

   Spells                             Type                      Level
   a - Confusing Touch                Hexes                        1
   b - Animate Skeleton               Necromancy                   1
   c - Summon Small Mammal            Summoning                    1
   d - Apportation                    Translocation                1
Comestibles
 f - 4 bread rations
 h - 5 chunks of flesh


   Skills:
 + Level 4.1 Fighting
 + Level 4.4 Axes
 + Level 4.7 Armour
 + Level 1.5 Dodging
 + Level 0.3 Stealth
 + Level 4.7 Shields


You had 4 spell levels left.
You didn't know any spells.

Dungeon Overview and Level Annotations

Branches:
Dungeon (3/15)

Altars:

Annotations:
D:3 hittembot's ghost, amateur MiFi


Innate Abilities, Weirdness & Mutations

You reflexively headbutt those who attack you in melee.
You have a pair of horns on your head.


Message History

You kill the hobgoblin!
Hittembot's ghost closely misses you. Hittembot's ghost hits you.
* * * LOW HITPOINT WARNING * * *
You closely miss hittembot's ghost.
Hittembot's ghost is heavily damaged.
You block hittembot's ghost's attack.
You barely miss hittembot's ghost.
Hittembot's ghost is heavily damaged.
Hittembot's ghost says, "You can hit me, but you can't hurt me."
You block hittembot's ghost's attack.
You hit hittembot's ghost. You headbutt hittembot's ghost!
Hittembot's ghost is severely damaged.
You block hittembot's ghost's attack. x2
You hit hittembot's ghost. Your headbutt misses hittembot's ghost.
Hittembot's ghost is severely damaged.
You block hittembot's ghost's attack.
You barely miss hittembot's ghost. Your headbutt misses hittembot's ghost.
Hittembot's ghost is severely damaged.
You block hittembot's ghost's attack. Hittembot's ghost hits you!
You die...

.........<......#
...............##
###>....##.....# #
....###..#..##....# .###
##.#.## ###.## # #.#.#
#...#..
###...####.......
#####....##..........
#...........#@W....!.
#.###.####.##........
#...# #.###.......
###.### ##.####......
##...# ##.....#....<#
###..######............#
.....##.)..............#
≈≈.................#####
≈≈...PPP†..........#


You could see hittembot's ghost.

Vanquished Creatures
  A scorpion (D:3)
  Terence (D:2)
  3 gnolls (D:2)
  2 adders
  3 worms
  A dart slug (D:1)
  3 leopard geckos
  An orc (D:3)
  3 giant cockroaches
  4 goblins
  7 hobgoblins
  7 jackals (D:2)
  3 bats
  4 frilled lizards
  4 kobolds
  7 rats
54 creatures vanquished.

Notes
Turn   | Place    | Note
-------+----------+-------------------------------------------
     0 | D:1      | hittembot the Minotaur Fighter began the quest for the Orb.
     0 | D:1      | Reached XP level 1. HP: 19/19 MP: 0/0
   202 | D:1      | Reached XP level 2. HP: 27/27 MP: 1/1
   667 | D:2      | Reached XP level 3. HP: 33/33 MP: 2/2
   972 | D:2      | Noticed Terence
   986 | D:2      | Killed Terence
   986 | D:2      | Reached skill level 1 in Dodging
   986 | D:2      | Reached XP level 4. HP: 31/40 MP: 3/3
  1747 | D:3      | Reached XP level 5. HP: 46/46 MP: 4/4
  1882 | D:3      | Noticed hittembot's ghost (amateur MiFi)
  1895 | D:3      | Slain by hittembot's ghost

Vault maps used:
D:1:      tarquinn_simple_flora_water_b
D:2:      first_bread, minmay_misc_feat_doors, serial_bayou_lake_a, uniq_terence
D:3:      chequers_big_river

Skill      XL: |  1  2  3  4 |
---------------+-------------+-----
Armour         | 4 |  4.7
Shields        | 4 |  4.7
Axes           | 3 4 |  4.4
Fighting       | 4 |  4.1
Dodging        | 1 |  1.5
Stealth        | |  0.3

Action                   |  1- 3 |  4- 6 || total
-------------------------+-------+-------++-------
Melee: War axe           |    60 |    57 ||   117
       Headbutt          |    11 |    10 ||    21
  Eat: Chunk             |       |     3 ||     3
Armor: Scale mail        |    23 |    22 ||    45
Dodge: Dodged            |     9 |    14 ||    23
Block: Shield            |    32 |    35 ||    67
